 Dungeon Crawl Stone Soup version 0.22.1-5-g62c59d9 (webtiles) character file.

1156 infcreate the Thaumaturge (level 8, -4/41 HPs)
             Began as a Deep Elf Conjurer on Jan 13, 2019.
             Was a Follower of Vehumet.
             Slain by a hornet (10 damage)
             ... on level 5 of the Dungeon.
             The game lasted 00:30:24 (5374 turns).

infcreate the Thaumaturge (Deep Elf Conjurer)       Turns: 5374, Time: 00:30:25

Health: -4/41      AC:  3    Str:  5    XL:     8   Next: 16%
Magic:  10/22      EV: 13    Int: 23    God:    Vehumet [*.....]
Gold:   249        SH:  0    Dex: 15    Spells: 9/24 levels left

rFire    + . .     SeeInvis +   (no weapon)
rCold    . . .     Gourm    .   (no shield)
rNeg     . . .     Faith    .   a - +0 robe
rPois    .         Spirit   .   p - +0 helmet
rElec    .         Reflect  .   (no cloak)
rCorr    .         Harm     .   (no gloves)
MR       .....                  (no boots)
Stlth    +++.......             (no amulet)
HPRegen  0.13/turn              i - ring of see invisible
MPRegen  0.18/turn              j - ring of protection from fire

@: lethally poisoned (-4 -> -12), slowed, very slow
A: no striking features
a: Renounce Religion


You were on level 5 of the Dungeon.
You worshipped Vehumet.
Vehumet was aware of your devotion.
You were not hungry.

You visited 1 branch of the dungeon, and saw 5 of its levels.
You also visited: Ossuary.

You collected 249 gold pieces.

Inventory:

Armour
 a - a +0 robe (worn)
 p - a +0 helmet (worn)
Jewellery
 i - a ring of see invisible (left hand)
 j - a ring of protection from fire (right hand)
Wands
 q - a wand of digging (8)
Scrolls
 b - a scroll of immolation
 e - 8 scrolls of remove curse
 m - 3 scrolls of identify
 n - 2 scrolls of enchant weapon {unknown}
 o - a scroll of vulnerability {unknown}
 r - 4 scrolls of teleportation
Potions
 d - 2 potions of curing
 f - a potion of brilliance
 g - a potion of mutation {unknown}
 h - a potion of haste {unknown}
 k - 2 potions of berserk rage {unknown}
 l - a potion of heal wounds {unknown}
 s - a potion of flight {unknown}
Comestibles
 c - 5 rations


   Skills:
 + Level 3.3 Dodging
 + Level 3.9 Stealth
 + Level 8.7 Spellcasting
 + Level 8.6 Conjurations


You had 9 spell levels left.
You knew the following spells:

 Your Spells              Type           Power        Failure   Level  Hunger
a - Magic Dart            Conj           ####         1%          1    None
b - Searing Ray           Conj           #####.       1%          2    None
c - Iskenderun's Mystic   Conj           #####...     1%          4    ##.....
d - Force Lance           Conj/Tloc      ####....     11%         4    ##.....
e - Fulminant Prism       Conj/Hex       ####......   11%         4    ##.....

Your spell library contained the following spells:

 Spells                   Type           Power        Failure   Level  Hunger
 Shock                    Conj/Air       ####         1%          1    None
 Flame Tongue             Conj/Fire      ####.        1%          1    None
 Throw Flame              Conj/Fire      ####..       1%          2    None
 Conjure Flame            Conj/Fire      ####....     3%          3    None
 Dazzling Spray           Conj/Hex       ####..       3%          3    None
 Confusing Touch          Hex            ##....       6%          1    None
 Sticky Flame             Conj/Fire      ####....     11%         4    ##.....
 Confuse                  Hex            ##......     19%         3    None
 Gell's Gravitas          Tloc           ##........   19%         3    None
 Inner Flame              Hex/Fire       ##......     19%         3    None
 Fireball                 Conj/Fire      ####......   30%         5    ####...
 Petrify                  Tmut/Erth      ##......     54%         4    ##.....
 Metabolic Englaciation   Hex/Ice        ##........   87%         5    ####...
 Yara's Violent Unravell  Hex/Tmut       ##........   87%         5    ####...


Dungeon Overview and Level Annotations

Branches:
Dungeon (5/15)
 Temple: D:4-7

Altars:
Ashenzari
Elyvilon
Nemelex Xobeh
Vehumet
Zin


Message History

(Press . to maintain the ray.)
The orc shouts!
The searing ray hits the hornet.
The hornet is lightly wounded.
The hornet completely misses you. The hornet barely misses you.
The searing ray hits the hornet.
The hornet is heavily wounded.
The hornet stings you!
You are poisoned.
You feel yourself slow down.
The searing ray hits the hornet.
The hornet is almost dead.
You finish channeling your searing ray.
You feel sick. The hornet stings you!
* * * LOW HITPOINT WARNING * * *
You feel as though you will be slow longer.
The hornet barely misses you.
The hornet stings you but does no damage.
* * * LOW HITPOINT WARNING * * *
You feel sick. The hornet stings you!
You die...

################
....o...@.......
.#...8#y#.#8####
#... #...## #..
###...##
#...#......# #
#.......#.#
#.##...###..
#.8#..##8#...
###............


You could see a hornet and an orc.

Vanquished Creatures
  Grinder (D:4)
  Eustachio (D:4)
  Menkaure (Ossuary)
  A phantom (D:4)
  An ice beast (D:5)
  2 ogres
  2 orc priests
  A bullfrog skeleton (D:2)
  Natasha (twice) (D:4)
  3 mummies (Ossuary)
  Robin (D:4)
  9 adders
  A howler monkey skeleton (D:5)
  A shadow imp (D:5)
  A worm (D:2)
  3 dart slugs
  3 leopard geckos
  10 orcs
  10 bats
  4 giant cockroaches
  11 goblins
  11 hobgoblins
  9 jackals
  3 quokkas
  A frilled lizard (D:1)
  4 gnoll skeletons (Ossuary)
  4 gnoll zombies (Ossuary)
  2 goblin skeletons (Ossuary)
  4 hobgoblin skeletons (Ossuary)
  A hobgoblin zombie (Ossuary)
  8 kobolds
  3 kobold skeletons (Ossuary)
  3 kobold zombies (Ossuary)
  2 orc skeletons (Ossuary)
  3 orc zombies (Ossuary)
  7 rats
  2 rat zombies (Ossuary)
136 creatures vanquished.

Vanquished Creatures (others)
  A gnoll skeleton (Ossuary)
  3 goblin skeletons (Ossuary)
  3 goblin zombies (Ossuary)
  2 hobgoblin zombies (Ossuary)
  2 kobold skeletons (Ossuary)
  A kobold zombie (Ossuary)
  3 orc skeletons (Ossuary)
  4 orc zombies (Ossuary)
  A rat skeleton (Ossuary)
  2 rat zombies (Ossuary)
  6 fulminant prisms
28 creatures vanquished.

Grand Total: 164 creatures vanquished

Notes
Turn   | Place    | Note
-------+----------+-------------------------------------------
     0 | D:1      | infcreate the Deep Elf Conjurer began the quest for the
                  | Orb.
     0 | D:1      | Reached XP level 1. HP: 10/10 MP: 6/6
   324 | D:1      | Reached XP level 2. HP: 15/15 MP: 1/8
   387 | D:1      | Learned a level 2 spell: Searing Ray
   701 | D:1      | Reached skill level 5 in Conjurations
   948 | D:1      | Reached XP level 3. HP: 19/19 MP: 6/9
  1363 | D:2      | Found a shattered altar of Ashenzari.
  1410 | D:2      | Reached XP level 4. HP: 16/24 MP: 6/11
  1704 | D:2      | Learned a level 4 spell: Iskenderun's Mystic Blast
  2421 | D:3      | Reached XP level 5. HP: 28/28 MP: 7/13
  2715 | D:3      | Found a glowing silver altar of Zin.
  2984 | D:3      | Noticed an ogre
  2995 | D:3      | Killed an ogre
  2995 | D:3      | Reached skill level 5 in Spellcasting
  2995 | D:3      | Reached XP level 6. HP: 32/32 MP: 6/16
  3536 | D:4      | Noticed Grinder
  3539 | D:4      | Paralysed by Grinder for 6 turns
  3558 | D:4      | Killed Grinder
  3558 | D:4      | Reached XP level 7. HP: 29/36 MP: 1/19
  3658 | D:4      | Noticed Eustachio
  3664 | D:4      | Killed Eustachio
  3759 | D:4      | Found a sparkling altar of Nemelex Xobeh.
  3928 | D:4      | Learned a level 4 spell: Force Lance
  3933 | D:4      | Learned a level 4 spell: Fulminant Prism
  4053 | D:4      | Noticed Natasha
  4055 | D:4      | Killed Natasha
  4215 | D:4      | Noticed Robin
  4270 | D:4      | Killed Robin
  4387 | D:4      | Noticed Natasha
  4390 | D:4      | Killed Natasha
  4438 | D:4      | Found a white marble altar of Elyvilon.
  4438 | D:4      | Found a radiant altar of Vehumet.
  4442 | D:4      | Became a worshipper of Vehumet
  4586 | D:5      | Entered Level 5 of the Dungeon
  4616 | D:5      | Found a sand-covered staircase.
  4625 | Ossuary  | Entered an ossuary
  5092 | Ossuary  | Reached * piety under Vehumet
  5092 | Ossuary  | Offered knowledge of Shock by Vehumet.
  5168 | Ossuary  | Noticed Menkaure
  5185 | Ossuary  | Killed Menkaure
  5185 | Ossuary  | Reached XP level 8. HP: 41/41 MP: 8/22
  5365 | D:5      | Noticed a hornet
  5374 | D:5      | Slain by a hornet

Skill      XL: |  1  2  3  4  5  6  7 |
---------------+----------------------+-----
Conjurations   | 5 6 7 8 |  8.6
Stealth        | 3 |  3.9
Spellcasting   | 4 5 6 8 |  8.7
Dodging        | 3 |  3.3

Action                   |  1- 3 |  4- 6 |  7- 9 || total
-------------------------+-------+-------+-------++-------
 Cast: Magic Dart        |    68 |    79 |    74 ||   221
       Searing Ray       |     2 |    10 |     9 ||    21
       Iskenderun's Myst |       |    12 |    20 ||    32
       Fulminant Prism   |       |       |     6 ||     6
       Force Lance       |       |       |     1 ||     1
  Use: Scroll            |       |       |     4 ||     4
       Potion            |       |       |     1 ||     1
  Eat: Chunk             |     1 |     8 |     6 ||    15
       Ration            |       |       |     1 ||     1
Armor: Robe              |     4 |     2 |     3 ||     9
Dodge: Dodged            |    33 |    18 |    14 ||    65
